[Event "Rapid Tournament (RAP)"]
[Site "Biel, Switzerland"]
[Date "2026.07.12"]
[Round "5.41"]
[White "Lopez, Manuel"]
[Black "Bachmann, Daniel"]
[Result "0-1"]
[TimeControl "15 + 5"]
[WhiteTitle "-"]
[BlackTitle "-"]
[WhiteFideId "1306324"]
[BlackFideId "1357492"]
[WhiteElo "1916"]
[BlackElo "1786"]

1. e4 e6 2. Nf3 d5 3. e5 c5 4.
b4 d4 5.
bxc5 Bxc5 6. Bd3 Ne7 7. O-O Nbc6 8. Re1 Bd7 9. Ba3 Qa5 10. Bxc5 Qxc5 11. Qe2 Ng6 12. g3 Nb4 13. c3 Nxd3 14.
Qxd3 dxc3 15. Nxc3 Rd8 16. Qe3 Qxe3 17. Rxe3 Bc6 18. Ne4 Ke7 19. Rb1 f5 20. exf6+ gxf6 21. Rb2 b6 22. Nc3 Rd7 23.
Kf1 h5 24. h4 Rhd8 25. Ke1 Bxf3 26. Rxf3 Ne5 27. Re3 Nc4 28. Rc2 Nxe3 29. fxe3 f5 30. Ke2 a6 31. Rb2 b5 32. a4 b4 33. Rxb4 Rxd2+ 34. Kf3 e5 35. Rb6 R8d6 36. Rb7+ Kf6 37.
Ne2 Ra2 38. Nc3 e4+ 39. Nxe4+ fxe4+ 40. Kxe4 Rxa4+ 41. Kf3 Ra1 42. Rb4 Ke5 43. Re4+ Kd5 44. Re8 Re6 45. Rh8 Re5 46. Rd8+ Ke6 47.
Re8+ Kf6 48. Rf8+ Ke7 49. Ra8 Ra3 50. Kf4 Rexe3 51. Kg5 Ra5+ 52. Kf4 Raa3 53. Kg5 Rxg3+ 54. Kxh5 Kf7 0-1

[Event "Rapid Tournament (RAP)"]
[Site "Biel, Switzerland"]
[Date "2026.07.12"]
[Round "5.42"]
[White "Materia, Mario"]
[Black "Paholok, Igor"]
[Result "1-0"]
[TimeControl "15 + 5"]
[WhiteTitle "-"]
[BlackTitle "-"]
[WhiteFideId "651082241"]
[BlackFideId "1338951"]
[WhiteElo "1914"]
[BlackElo "1784"]

1. d4 g6 2. c4 Bg7 3. Nc3 c5 4. d5 Bxc3+ 5. bxc3 f5 6.
h4 Nf6 7. d6 Nc6 8. Bh6 Qa5 9. Qc2 Rg8 10. dxe7 Nd4 11. Qb2 Ne4 12. Bd2 Nxd2 13. Qxd2 Nb3 14. Qb2 Nxa1 15. h5 g5 16.
e3 Kxe7 17. Bd3 d6 18. Ne2 Bd7 19. Ng3 f4 20. Ne4 fxe3 21. O-O Raf8 22. Rxa1 Qc7 23. Re1 exf2+ 24. Nxf2+ Kd8 25. Bxh7 Rg7 26. Bg6 Bf5 27. Bxf5 Rxf5 28. Ne4 g4 29. Rd1 Rd7 30.
h6 Rh5 31. Nf6 Rxh6 32. Nxd7 Qxd7 33. Qd2 Rg6 34. Qf4 Kc7 35. Rd5 g3 36. Rxc5+ Kb8 37. Qf8+ Qc8 38. Qxc8# 1-0

[Event "Rapid Tournament (RAP)"]
[Site "Biel, Switzerland"]
[Date "2026.07.12"]
[Round "5.43"]
[White "Grimaldi, Francois-Xavier"]
[Black "Ivarsson, Anders"]
[Result "0-1"]
[TimeControl "15 + 5"]
[WhiteTitle "-"]
[BlackTitle "-"]
[WhiteFideId "1367706"]
[BlackFideId "1768158"]
[WhiteElo "1783"]
[BlackElo "1907"]

1. e4 c5 2. Nf3 a6 3. c3 d5 4. exd5 Qxd5 5. d4 Nf6 6. Be3 cxd4 7. cxd4 e6 8. a3 Nc6 9.
Nc3 Qd6 10. Bc4 b5 11. Bxb5 axb5 12. Nxb5 Qb8 13. a4 Bd7 14. O-O Be7 15. Bg5 O-O 16. Bxf6 Bxf6 17. d5 Na5 18. dxe6 Bxe6 19.
Rb1 Bb3 20. Qd3 Bxa4 21. Nc3 Bc6 22. Nd4 Bxd4 23. Qxd4 Nb3 24. Qe3 Re8 25. Qd3 Qb7 26. f3 Rad8 27. Qc2 Nd2 28. Rbd1 Nxf1 29.
Rxd8 Rxd8 30. Kxf1 Bb5+ 31. Kg1 Qb6+ 32. Kh1 Qe3 33. h3 Bc6 34. Qf5 Qe6 35. Qg5 f6 36. Qa5 Qe1+ 37. Kh2 Qe5+ 0-1

[Event "Rapid Tournament (RAP)"]
[Site "Biel, Switzerland"]
[Date "2026.07.12"]
[Round "5.44"]
[White "Lachat, Pierre"]
[Black "Belmadani, Naim"]
[Result "1-0"]
[TimeControl "15 + 5"]
[WhiteTitle "-"]
[BlackTitle "-"]
[WhiteFideId "1310763"]
[BlackFideId "1354302"]
[WhiteElo "1904"]
[BlackElo "1758"]

1. e4 e5 2. Nc3 Nf6 3. Nf3 Nc6 4. Bc4 Nxe4 5. Nxe4 d5 6. Bxd5 Qxd5 7. Nc3 Qd8 8. d3 Bg4 9. Be3 Bb4 10.
h3 Bh5 11. g4 Bg6 12. Bd2 O-O 13. Qe2 Nd4 14. Nxd4 exd4 15. Ne4 Bxd2+ 16. Qxd2 Re8 17. O-O-O Qd5 18. b3 Bxe4 19. dxe4 Rxe4 20.
f3 Re6 21. Qxd4 Qxd4 22. Rxd4 g5 23.
Rd7 Rc8 24. Kd2 Rd6+ 25. Rxd6 cxd6 26. Re1 Rc7 27. Kd3 b5 28. c3 Kg7 29. Re4 a6 30. Rd4 Rc6 31. c4 b4 32. Ke4 Kf6 33.
Kd5 Rb6 34. Ke4 h6 35. Rd5 Rc6 36. f4 gxf4 37. Kxf4 Ke6 38. Rh5 Ke7 39. Rxh6 Rc5 40. Rh5 Rc8 41. h4 f6 42. Ra5 Ra8 43. Kf5 Kf7 44. Rd5 Re8 45.
Rxd6 Re5+ 46. Kf4 Ra5 47. h5 Rxa2 48. Rb6 a5 49. Rb5 Ra3 50. c5 Rxb3 51. Rxa5 Rc3 52. Kf5 b3 53. Ra7+ Kg8 54. Kg6 Kf8 55. Rb7 Rxc5 56.
Kxf6 Rc6+ 57. Kg5 Rc5+ 58. Kh4 Rc3 59. h6 Kg8 60. Kh5 Rc5+ 61. g5 Rc3 62. Rb8+ Kf7 63. g6+ Kf6 64. g7 Rc5+ 65. Kh4 Rc4+ 66. Kg3 Rc3+ 67.
Kf4 Rc4+ 68. Ke3 Rc3+ 69. Kd4 1-0

[Event "Rapid Tournament (RAP)"]
[Site "Biel, Switzerland"]
[Date "2026.07.12"]
[Round "5.45"]
[White "Alsaqer, Meshal"]
[Black "Gheorghiu, Harry"]
[Result "0-1"]
[TimeControl "15 + 5"]
[WhiteTitle "-"]
[BlackTitle "-"]
[WhiteFideId "10301771"]
[BlackFideId "1248839"]
[WhiteElo "1903"]
[BlackElo "1751"]

1. d4 c5 2. c3 d5 3. Nf3 e6 4.
Bf4 Nf6 5. e3 Nc6 6. Bb5 Qb6 7. Qb3 Bd7 8. Bxc6 Bxc6 9. O-O Bb5 10. Re1 Bd3 11. Ne5 Bg6 12. Qa4+ Kd8 13. Bg5 Qc7 14.
Na3 a6 15. Nb5 Qc8 16. Na3 Be7 17. Rac1 b5 18. Qd1 c4 19. Nb1 Ne4 20. Bf4 f6 21. Nxg6 hxg6 22. Nd2 g5 23. Nxe4 gxf4 24.
Nd2 Qc7 25. Nf1 Bd6 26. Qf3 fxe3 27. g3 exf2+ 28. Qxf2 Kd7 29. Qf3 Rh6 30. Qg4 Kc6 31. Rxe6 Rah8 32. Rce1 Qd7 33. Qf3 Rh5 34. b3 Kc7 35. bxc4 bxc4 36. R6e2 Rf5 37. Qg2 Qf7 38. Rb2 Qg6 39. Reb1 Rfh5 40. Rb7+ Kc8 41. R7b2 Qd3 42. h4 Qxc3 43. Qh3+ f5 44. Rb6 Qxd4+ 45. Kh2 Qf2+ 46. Qg2 Rxh4# 0-1

[Event "Rapid Tournament (RAP)"]
[Site "Biel, Switzerland"]
[Date "2026.07.12"]
[Round "5.46"]
[White "Jehnichen, Kai"]
[Black "Chu, Wa Ching David"]
[Result "1-0"]
[TimeControl "15 + 5"]
[WhiteTitle "-"]
[BlackTitle "-"]
[WhiteFideId "24684333"]
[BlackFideId "6013180"]
[WhiteElo "1903"]
[BlackElo "1723"]

1. e4 c5 2. Nf3 d6 3. d4 cxd4 4. Nxd4 Nf6 5. Nc3 g6 6. g3 Bg7 7. Bg2 O-O 8. O-O Nc6 9. Nde2 Bd7 10. h3 Rc8 11. Be3 a6 12. a4 Ne5 13. b3 Qa5 14. Nd5 Nxd5 15. exd5 Qc7 16.
f4 Ng4 17. hxg4 Bxa1 18. Qxa1 Qxc2 19. Nd4 Qc3 20. Qe1 Qxe1 21. Rxe1 Rc3 22. Bf2 Re8 23. f5 Kf8 24. Bf1 Rc7 25.
Bc4 Rb8 26. a5 Re8 27. Kg2 Kg8 28. Be3 Rc5 29. Bd2 Bb5 30. fxg6 hxg6 31. Bxb5 axb5 32. Rh1 Rxd5 33. Bc3 e5 34.
Nf3 Rc8 35. Bb4 Rd3 36. Ng5 1-0

[Event "Rapid Tournament (RAP)"]
[Site "Biel, Switzerland"]
[Date "2026.07.12"]
[Round "5.47"]
[White "Surdez, Patrick"]
[Black "Kwiatkowski, Maciej"]
[Result "0-1"]
[TimeControl "15 + 5"]
[WhiteTitle "-"]
[BlackTitle "-"]
[WhiteFideId "1380206"]
[BlackFideId "1360175"]
[WhiteElo "1695"]
[BlackElo "1902"]

1. c4 Nf6 2. Nc3 e6 3. g3 d5 4. Bg2 Be7 5. Nf3 O-O 6. b3 d4 7. Na4 c5 8. d3 Nc6 9. O-O Qc7 10.
Re1 e5 11. Qc2 Bf5 12. Nh4 Be6 13. a3 Rac8 14. Bd2 Ng4 15. Nf3 f5 16. Ng5 Bxg5 17. Bxg5 b6 18. h3 Nf6 19. e3 Bd7 20.
Nb2 h6 21. Bxf6 Rxf6 22. Rad1 Rcf8 23. f4 dxe3 24. Rxe3 exf4 25. gxf4 Qxf4 26. Rf3 Qd4+ 27. Kh1 f4 28. Re1 Ne5 29.
Rf2 f3 30. Bf1 Ng6 31. Re4 Qd6 32. Rh2 0-1

[Event "Rapid Tournament (RAP)"]
[Site "Biel, Switzerland"]
[Date "2026.07.12"]
[Round "5.48"]
[White "Gast, Michael"]
[Black "Ranieri, Pierpaolo"]
[Result "1/2-1/2"]
[TimeControl "15 + 5"]
[WhiteTitle "-"]
[BlackTitle "-"]
[WhiteFideId "1373196"]
[BlackFideId "893986"]
[WhiteElo "1682"]
[BlackElo "1891"]

1. e4 d6 2. d4 Nf6 3. Nc3 g6 4. Be3 c6 5. h3 b5 6. Bd3 Nbd7 7. g4 Nb6 8. e5 dxe5 9. dxe5 Nfd5 10.
Be4 Nxe3 11. Qxd8+ Kxd8 12. fxe3 Kc7 13. Nxb5+ cxb5 14. Bxa8 Nxa8 15. O-O-O Bg7 16. Nf3 Bb7 17. Rhf1 Nb6 18.
Ng5 Nc4 19. Rxf7 Bxe5 20. Rxe7+ Kb6 21. Nf7 Bxb2+ 22. Kb1 Rc8 23. Nd6 Nxd6 24. Rxd6+ Kc5 25. Kxb2 Kxd6 26. Rxb7 a6 27. Rxh7 Re8 28.
Rg7 Re6 29. Ra7 Kd5 30. h4 Ke4 31. h5 gxh5 32. gxh5 Kxe3 33. Rd7 Rh6 34. Rd5 Ke4 35. Rc5 Kd4 36. Rg5 Kc4 37. Rg4+ Kc5 38.
Rg5+ Kc4 39. Rg4+ Kc5 40. Rg5+ 1/2-1/2

[Event "Rapid Tournament (RAP)"]
[Site "Biel, Switzerland"]
[Date "2026.07.12"]
[Round "5.49"]
[White "Gunzinger, Severin"]
[Black "Varela Tavares, Goncalo"]
[Result "1-0"]
[TimeControl "15 + 5"]
[WhiteTitle "-"]
[BlackTitle "-"]
[WhiteFideId "1362518"]
[BlackFideId "1344773"]
[WhiteElo "1607"]
[BlackElo "1880"]

1. d4 c6 2. c4 d5 3. Nc3 e6 4. e4 dxe4 5. Nxe4 Bb4+ 6. Bd2 Bxd2+ 7. Qxd2 Nf6 8. Nxf6+ Qxf6 9. Nf3 O-O 10.
Bd3 Nd7 11. O-O c5 12. Bc2 Rd8 13. Rad1 Nf8 14. d5 exd5 15. cxd5 Bg4 16. Qc3 Bxf3 17. Qxf6 gxf6 18. gxf3 Rd6 19.
Rfe1 Rad8 20. Be4 Ng6 21. Re2 Nf4 22. Red2 Ne6 23. dxe6 Rxd2 24. Rxd2 Re8 25. exf7+ Kxf7 26. Rd7+ Ke6 27.
Rxb7 f5 28. Bd3 Rd8 29. Bc4+ Ke5 30. Rxh7 Rd2 31. Rxa7 Rxb2 32. h4 Kf4 33. Kg2 Rb6 34. h5 Kg5 35. Bf7 Rc6 36. Ra4 Kf6 37.
Bc4 Kg5 38. Ra6 Rc8 39. a4 Kxh5 40. a5 Rb8 41. Rc6 Rb4 42. Rxc5 Ra4 43. Rxf5+ Kh4 44. Rf4+ Kg5 45. Rg4+ Kf6 46.
a6 Ra5 47. Rh4 Ra4 48. Rf4+ Kg5 49. Rg4+ Kf6 50. Bd3 Ra3 51. Rd4 Ke5 52. Rd7 Ke6 53. Bb5 1-0

[Event "Rapid Tournament (RAP)"]
[Site "Biel, Switzerland"]
[Date "2026.07.12"]
[Round "5.50"]
[White "Hajduk, Tomasz"]
[Black "Gutierrez, Carlos Martin"]
[Result "1-0"]
[TimeControl "15 + 5"]
[WhiteTitle "-"]
[BlackTitle "-"]
[WhiteFideId "21811415"]
[BlackFideId "1352814"]
[WhiteElo "1879"]
[BlackElo "1586"]

1. e4 d5 2. exd5 Qxd5 3. Nc3 Qd6 4. d4 c6 5. Nf3 Bg4 6. Be3 Nf6 7. Bc4 e6 8.
h3 Bxf3 9. Qxf3 Be7 10. Bd3 Nbd7 11.
a3 O-O-O 12. Bf4 e5 13. dxe5 Nxe5 14. Bf5+ Kc7 15. Qe2 Nd3+ 16. Bxd3 Qxf4 17. Qxe7+ Rd7 18. Qb4 Re8+ 19. Ne2 Qxb4+ 20. axb4 a6 21. Rd1 h6 22. f3 Nd5 23. Kf2 Nxb4 24. Bf5 Rde7 25. Rhe1 g6 26. c3 Nd5 27. Be4 Nf6 28. Bb1 Nd5 29.
Be4 Nf6 30. Ng3 Nd7 31. Bc2 Ne5 32. b3 h5 33. f4 h4 34. fxe5 hxg3+ 35. Kxg3 Rxe5 36. Rxe5 Rxe5 37. Kf2 g5 38. Rd4 f6 39. Re4 Rd5 40. Ke2 c5 41. c4 Rd6 42.
Re7+ Kb6 43. Bf5 Rd8 44. Re6+ Ka5 45. Rxf6 Kb4 46. Rb6+ Kc3 47. Rxb7 Rd2+ 48. Kf3 Rd4 49. g4 Rf4 50.
Kg3 Kd4 51. Rd7+ Ke5 52. Rd5+ Kf6 53. Rxc5 Rd4 54. Rd5 1-0

[Event "Rapid Tournament (RAP)"]
[Site "Biel, Switzerland"]
[Date "2026.07.12"]
[Round "5.51"]
[White "Mury, Marie"]
[Black "Materia, Matteo"]
[Result "0-1"]
[TimeControl "15 + 5"]
[WhiteTitle "-"]
[BlackTitle "-"]
[WhiteFideId "576035050"]
[BlackFideId "45150575"]
[WhiteElo "1603"]
[BlackElo "1868"]

1. e4 e5 2. Nf3 Nc6 3. d4 exd4 4. Nxd4 Nf6 5. Nxc6 bxc6 6. Bd3 d5 7. e5 Nd7 8. Bf4 Nc5 9. O-O Nxd3 10. Qxd3 Be6 11. Nd2 Qd7 12.
Rad1 Be7 13. Nf3 h6 14. Qa6 O-O 15. c4 Rfb8 16. Be3 Rxb2 17. Nd4 Rb6 18. Qa4 c5 19. Qxd7 Bxd7 20. Nb5 Bxb5 21.
cxb5 d4 22. Bf4 Rxb5 23. Rfe1 Rab8 24. e6 fxe6 25. Rxe6 Rb1 26. Rde1 Bd6 27. Bg3 R8b2 28. Re8+ Kf7 29. Bxd6 cxd6 30.
R8e7+ Kg8 31. Re8+ Kh7 32. h4 d3 33. Rxb1 Rxb1+ 34. Kh2 d2 35. Re7 d1=Q 36. Rxa7 Qg4 37. g3 Qf3 0-1

[Event "Rapid Tournament (RAP)"]
[Site "Biel, Switzerland"]
[Date "2026.07.12"]
[Round "6.1"]
[White "Sasikiran, Krishnan"]
[Black "Alexakis, Dimitris"]
[Result "0-1"]
[TimeControl "15 + 5"]
[WhiteTitle "-"]
[BlackTitle "-"]
[WhiteFideId "5004985"]
[BlackFideId "4277023"]
[WhiteElo "2520"]
[BlackElo "2518"]

1. e4 c5 2. Nf3 Nc6 3. Nc3 e6 4. d4 cxd4 5. Nxd4 Qc7 6. Be3 a6 7. a3 b5 8.
Nxc6 Qxc6 9. h4 Bb7 10. h5 h6 11. Rh3 Rc8 12. Bd4 Nf6 13. Bxf6 gxf6 14. Qd4 Be7 15. O-O-O Rc7 16. Kb1 Qc5 17.
Qd2 b4 18. axb4 Qxb4 19. Rd3 Bc6 20.
Rd4 Qb8 21. Nd5 Rb7 22. Qc3 Rg8 23. Nxe7 Kxe7 24. f3 Rg5 25. g4 Qc7 26. Rb4 a5 27. Rxb7 Qxb7 28. Bd3 Qb4 29. Qxb4+ axb4 30. b3 d5 31. Re1 dxe4 32.
Bxe4 Re5 33. Re2 Bxe4 34. Rxe4 Rxe4 35. fxe4 Kd6 36. c3 bxc3 37. Kc2 Ke5 38.
Kxc3 Kxe4 39. Kc4 e5 40.
b4 Kf3 41. b5 e4 42. b6 e3 43. b7 e2 44. b8=Q e1=Q 45. Qb7+ Qe4+ 46. Kd4 0-1

[Event "Rapid Tournament (RAP)"]
[Site "Biel, Switzerland"]
[Date "2026.07.12"]
[Round "6.2"]
[White "Dong, Hongfu"]
[Black "Bu, Xiangzhi"]
[Result "0-1"]
[TimeControl "15 + 5"]
[WhiteTitle "-"]
[BlackTitle "-"]
[WhiteFideId "8626960"]
[BlackFideId "8601445"]
[WhiteElo "2271"]
[BlackElo "2583"]

1. e4 e5 2. Nf3 Nc6 3. Bc4 Nf6 4. Ng5 d5 5. exd5 b5 6. Bf1 Nd4 7. c3 Nxd5 8. cxd4 Qxg5 9. Bxb5+ Kd8 10. Qf3 Bb7 11. O-O Rb8 12.
Re1 Nb4 13. Qh3 Bc8 14. Qc3 Rxb5 15. dxe5 Bb7 16. f3 Qh4 17. d4 Nc2 18. Bg5+ Qxg5 19. Qxc2 Bb4 20. Nc3 Bxc3 21. bxc3 Bxf3 22.
Rab1 Rxb1 23. Rxb1 Qe3+ 24. Qf2 Qxf2+ 25. Kxf2 Bg4 26. Rb7 a6 27. d5 Bc8 28.
Ra7 Re8 29. d6 Rxe5 30. Rxc7 Rf5+ 31. Ke3 Rf6 32. c4 Re6+ 0-1

[Event "Rapid Tournament (RAP)"]
[Site "Biel, Switzerland"]
[Date "2026.07.12"]
[Round "6.3"]
[White "Gopal, G.N."]
[Black "Savitha, Shri B"]
[Result "1/2-1/2"]
[TimeControl "15 + 5"]
[WhiteTitle "-"]
[BlackTitle "-"]
[WhiteFideId "5015693"]
[BlackFideId "35061887"]
[WhiteElo "2471"]
[BlackElo "2317"]

1. e4 c5 2. Nf3 e6 3. d4 cxd4 4. Nxd4 Nc6 5. Nc3 Qc7 6. Be2 Nf6 7. Be3 a6 8.
O-O Be7 9. f4 d6 10. Qe1 O-O 11. Kh1 Bd7 12. Qg3 Kh8 13.
Rad1 Rac8 14. a3 b5 15. Bf3 e5 16. Nf5 Bxf5 17. exf5 Na5 18. fxe5 dxe5 19. Bg5 e4 20. Bf4 Qc6 21.
Nxe4 Qxc2 22. Be5 Nc4 23. Bxf6 Bxf6 24. Nxf6 gxf6 25. Rf2 Qb3 26. Qh4 Kg7 27. Qg3+ Kh8 28. Qh4 Kg7 29. Qg3+ Kh8 30. Qh4 1/2-1/2

[Event "Rapid Tournament (RAP)"]
[Site "Biel, Switzerland"]
[Date "2026.07.12"]
[Round "6.4"]
[White "Ganguly, Surya Shekhar"]
[Black "Cao, Qingfeng"]
[Result "1-0"]
[TimeControl "15 + 5"]
[WhiteTitle "-"]
[BlackTitle "-"]
[WhiteFideId "5002150"]
[BlackFideId "8627568"]
[WhiteElo "2545"]
[BlackElo "2265"]

1. Nf3 Nf6 2. c4 b6 3. g3 c5 4. Bg2 Bb7 5. Nc3 g6 6. O-O Bg7 7. Re1 Nc6 8. e4 d6 9. d4 Nxd4 10.
Nxd4 cxd4 11. Qxd4 O-O 12. Qd2 Qc8 13. b3 b5 14. Rb1 bxc4 15. bxc4 Rb8 16. Nd5 Nxd5 17. exd5 Qc7 18. Qe3 Ba6 19.
Rxb8 Rxb8 20. c5 dxc5 21. Qa3 Rb6 22. Bf4 Qc8 23. h4 Bf6 24. Be3 Rb4 25. Rc1 Bb2 26. Qxb4 cxb4 27. Rxc8+ Bxc8 28.
Bxa7 Be5 29. Bf1 Bf5 30. f4 Bd6 31. Kf2 Kf8 32. Ke3 Ke8 33. Bb5+ Kd8 34. Bb6+ Bc7 35. Bc5 Bd6 36. Kd4 Kc7 37.
Ba4 Bc8 38. Kc4 Bb7 39. Bb3 Bxc5 40. Kxc5 f6 41. Kxb4 Kb6 42. a4 h6 43. a5+ Kc7 44. Kc5 g5 45. Bc4 gxh4 46. gxh4 Bc8 47. Bb5 Bb7 48. a6 Bc8 49. a7 Kb7 50. Ba6+ 1-0

[Event "Rapid Tournament (RAP)"]
[Site "Biel, Switzerland"]
[Date "2026.07.12"]
[Round "6.5"]
[White "Kozak, Adam"]
[Black "Shukhman, Anna"]
[Result "1-0"]
[TimeControl "15 + 5"]
[WhiteTitle "-"]
[BlackTitle "-"]
[WhiteFideId "753246"]
[BlackFideId "54180058"]
[WhiteElo "2592"]
[BlackElo "2272"]

1. Nf3 Nf6 2. b3 d5 3. Bb2 c5 4. e3 a6 5. c4 Nc6 6. cxd5 Nxd5 7. Nc3 Nxc3 8. Bxc3 Bg4 9. h3 Bh5 10.
Be2 Qd6 11. O-O e5 12. d4 exd4 13. exd4 O-O-O 14. dxc5 Qxc5 15. Qc1 Kb8 16. b4 Nxb4 17. Rb1 Nd5 18. Qb2 b5 19. Bd4 Qa3 20.
Qd2 Bb4 21. Qg5 Bg6 22. Rb3 Qxa2 23.
Rb2 Qa3 24. Ne5 f6 25. Nc6+ Kc7 26. Qc1 Bc3 27. Bxc3 Nxc3 28. Nxd8 Rxd8 29. Bf3 Kb6 30. Re1 Rd6 31. h4 h5 32. Qf4 Qc5 33. Rb3 Nd5 1-0

[Event "Rapid Tournament (RAP)"]
[Site "Biel, Switzerland"]
[Date "2026.07.12"]
[Round "6.6"]
[White "Tureshbayev, Anuar"]
[Black "Aronyak, Ghosh"]
[Result "0-1"]
[TimeControl "15 + 5"]
[WhiteTitle "-"]
[BlackTitle "-"]
[WhiteFideId "651081709"]
[BlackFideId "25072846"]
[WhiteElo "2246"]
[BlackElo "2482"]

1. e4 c6 2. d4 d5 3.
Nc3 dxe4 4. Nxe4 Nd7 5. Ng5 Ngf6 6.
Bd3 e6 7. N1f3 Bd6 8. O-O h6 9. Ne4 Nxe4 10. Bxe4 Nf6 11. Bd3 Qc7 12. Qe2 b6 13. Ba6 O-O 14. Bxc8 Raxc8 15. c3 c5 16.
dxc5 Qxc5 17. Be3 Qh5 18. h3 Nd5 19. Rad1 Rfd8 20. Rd3 Nxe3 21. Qxe3 Qa5 22. Rfd1 Be7 23. Rxd8+ Bxd8 24. Qe4 Bf6 25.
Qb7 Rf8 26. a3 Qb5 27. Rd2 a5 28. g3 a4 29. Kg2 Bg5 30. Nxg5 hxg5 31. Qd7 Qa6 32. Rd4 b5 33. Rb4 Qa8+ 34.
Kg1 Rd8 35. Qxd8+ Qxd8 36. Rxb5 Qd3 37. Kg2 Qxb5 0-1

[Event "Rapid Tournament (RAP)"]
[Site "Biel, Switzerland"]
[Date "2026.07.12"]
[Round "6.7"]
[White "Haimovich, Tal"]
[Black "Acs, Peter"]
[Result "1/2-1/2"]
[TimeControl "15 + 5"]
[WhiteTitle "-"]
[BlackTitle "-"]
[WhiteFideId "2801698"]
[BlackFideId "708020"]
[WhiteElo "2245"]
[BlackElo "2474"]

1. Nf3 Nf6 2. b3 d5 3. Bb2 c5 4. e3 a6 5. d4 cxd4 6. exd4 Bg4 7. Nbd2 Nc6 8. a3 e6 9. Bd3 Be7 10. O-O O-O 11. Re1 Qc7 12. Qe2 Rfd8 13. Qe3 Bh5 14. Rac1 Ng4 15.
Qe2 Nxh2 16. c4 Nxf3+ 17. Nxf3 Bf6 18. Qe3 Bxf3 19. Qxf3 Qb6 20. cxd5 Rxd5 21. Be4 Rd6 22. Bxc6 bxc6 23.
Rc4 h6 24. Rec1 Rb8 25. Rb4 Qc7 26. Rxb8+ Qxb8 27. b4 Qb7 28. Rc4 Qd7 29. Qe4 g6 30. g3 Rd5 31. Qf4 Kg7 32. Qb8 h5 33.
Qb6 h4 34. Qxc6 hxg3 35. fxg3 Qa7 36. Kg2 Qb8 37. Qc8 Qb6 38. Qc7 Qb5 39. Qc6 Qb8 40. Qc8 Qxc8 41. Rxc8 a5 42. Rb8 axb4 43.
Rxb4 Ra5 44. a4 Kh7 45. Rc4 Kg7 1/2-1/2

[Event "Rapid Tournament (RAP)"]
[Site "Biel, Switzerland"]
[Date "2026.07.12"]
[Round "6.8"]
[White "Arjun, Kalyan"]
[Black "Rohrer, Christophe"]
[Result "1-0"]
[TimeControl "15 + 5"]
[WhiteTitle "-"]
[BlackTitle "-"]
[WhiteFideId "35018701"]
[BlackFideId "1326546"]
[WhiteElo "2390"]
[BlackElo "2202"]

1. e4 e5 2. Nf3 Nc6 3. Bb5 a6 4.
Ba4 d6 5. c3 Bg4 6. h3 Bh5 7. d4 b5 8. Bb3 Nf6 9. Bg5 Be7 10. Bxf6 Bxf6 11. Bd5 Qd7 12. dxe5 dxe5 13. g4 Bg6 14.
Nbd2 h6 15. Qe2 Rb8 16. Rg1 Ne7 17. Bb3 c5 18. Nf1 c4 19. Bc2 Nc6 20. Ne3 Be7 21. Rd1 Qb7 22. Nf5 Bxf5 23. exf5 f6 24. Be4 Qc7 25. h4 Rd8 26. g5 hxg5 27. hxg5 fxg5 28.
Nxg5 Rxd1+ 29. Qxd1 Nd8 30. Nf3 Bf6 31. Ke2 Nb7 32. Rh1 Rxh1 33. Qxh1 Nc5 34. Nd2 Ke7 35. Nf1 Qd7 36. Ne3 Nd3 37. Nd5+ Kd6 38. Qh8 Nf4+ 39. Nxf4 exf4 40. Qf8+ Kc7 41. Qc5+ Kd8 42. Qb6+ 1-0

[Event "Rapid Tournament (RAP)"]
[Site "Biel, Switzerland"]
[Date "2026.07.12"]
[Round "6.9"]
[White "Gloeckler, Christian"]
[Black "Habibi, Ali"]
[Result "1-0"]
[TimeControl "15 + 5"]
[WhiteTitle "-"]
[BlackTitle "-"]
[WhiteFideId "34608966"]
[BlackFideId "4604393"]
[WhiteElo "2332"]
[BlackElo "2187"]

1. e4 c5 2. Nf3 a6 3.
c3 d5 4. exd5 Qxd5 5. Be2 e6 6. O-O Nf6 7. Na3 Be7 8. Nc4 Qd8 9. a4 O-O 10.
d4 cxd4 11. Nxd4 Nbd7 12. Bf3 Nd5 13. Qe2 N7f6 14. Rd1 Qc7 15. a5 Bd7 16. Ne5 Rad8 17. c4 Nb4 18. Bf4 Qc8 19. Rd2 h6 20. Rad1 Ba4 21. b3 Be8 22. h3 Nd7 23. Nxe6 fxe6 24.
Nxd7 Rxf4 25. Qxe6+ Kh8 26. Qxe7 Nc6 27. Bxc6 bxc6 28. Nf6 Rxd2 29. Qf8# 1-0

[Event "Rapid Tournament (RAP)"]
[Site "Biel, Switzerland"]
[Date "2026.07.12"]
[Round "6.10"]
[White "Gluckman, David"]
[Black "Lu, Miaoyi"]
[Result "0-1"]
[TimeControl "15 + 5"]
[WhiteTitle "-"]
[BlackTitle "-"]
[WhiteFideId "14300010"]
[BlackFideId "8618020"]
[WhiteElo "2161"]
[BlackElo "2309"]

1. e4 e5 2. Nf3 Nc6 3.
Bb5 Nf6 4. O-O Nxe4 5. Re1 Nd6 6. Bxc6 dxc6 7. Nxe5 Be7 8. d3 O-O 9. Nc3 Re8 10. Bf4 Bf8 11. h3 Be6 12. Qd2 Nf5 13.
Nf3 f6 14. Re2 Qd7 15. Rae1 Bf7 16. Rxe8 Bxe8 17. a3 Rd8 18. Bh2 c5 19. Qf4 Bd6 20. Qg4 Kf8 21. Ne4 h5 22. Bxd6+ cxd6 23.
Qf4 Bf7 24. g4 hxg4 25. hxg4 Ne7 26. Ng3 Bd5 27. Nh4 Kf7 28.
g5 Rh8 29. gxf6 gxf6 30. Ne4 Bxe4 31. Qxe4 Rh5 32. Re3 d5 33. Qf4 d4 34. Rg3 Qe6 35. Kf1 Nd5 36. Qb8 Ne7 37. Qf4 b6 38.
Nf3 Qf5 39. Rg4 Nd5 40. Qxf5 Rxf5 41. Rg3 Nf4 42. Nd2 Re5 43. Ne4 f5 44. Ng5+ Kf6 45. Nf3 Re2 46. Ne1 Rd2 47. Rf3 Ke5 48.
Rg3 Rd1 49. Rg8 Rb1 50. b3 Nh3 51. Ke2 Nf4+ 52. Kd2 Nd5 53. Nf3+ Kf4 54. Ng5 Nc3 55. Nh3+ Ke5 56. Re8+ Kf6 57.
Re1 b5 58. Rc1 Ke5 59. f4+ Kf6 60. Ng5 Rxc1 61. Kxc1 Ne2+ 62. Kd2 Nxf4 0-1

[Event "Rapid Tournament (RAP)"]
[Site "Biel, Switzerland"]
[Date "2026.07.12"]
[Round "6.11"]
[White "Villiger, Jan"]
[Black "Balabayeva, Xeniya"]
[Result "0-1"]
[TimeControl "15 + 5"]
[WhiteTitle "-"]
[BlackTitle "-"]
[WhiteFideId "1340891"]
[BlackFideId "13719688"]
[WhiteElo "1846"]
[BlackElo "2291"]

1. e4 c6 2. d4 d5 3. e5 Bf5 4.
Nd2 e6 5. Nb3 Nd7 6. Nf3 h6 7. Be2 Ne7 8. O-O a6 9. a4 Qc7 10. Be3 Bh7 11. a5 Nf5 12. c4 dxc4 13. Bxc4 Be7 14.
Qe2 Nxe3 15. fxe3 O-O 16. Rac1 Rad8 17. Rfd1 Bb4 18. Ra1 c5 19. Rdc1 Qb8 20. Ra4 Rc8 21. Ne1 b5 22. axb6 Nxb6 23.
Rxa6 Nxc4 24. Rxc4 Bxe1 25. Nxc5 Bb4 26. Nd7 Qb5 27.
Rxc8 Qxe2 28. Rxf8+ Bxf8 0-1

[Event "Rapid Tournament (RAP)"]
[Site "Biel, Switzerland"]
[Date "2026.07.12"]
[Round "6.12"]
[White "Amonatov, Farrukh"]
[Black "Xu, Chang(Cq)"]
[Result "1/2-1/2"]
[TimeControl "15 + 5"]
[WhiteTitle "-"]
[BlackTitle "-"]
[WhiteFideId "14700077"]
[BlackFideId "8641757"]
[WhiteElo "2593"]
[BlackElo "2082"]

1. e4 c5 2. Nf3 d6 3. d4 cxd4 4. Nxd4 Nf6 5.
Nc3 a6 6. Bc4 e6 7. a3 Be7 8.
Ba2 b5 9. Be3 O-O 10. g4 Bb7 11. f3 Nfd7 12. Qe2 Nc6 13. O-O-O Rc8 14. Kb1 Na5 15. Qe1 Nc4 16. Bxc4 Rxc4 17.
h4 Qc7 18. Bg5 Ne5 19. Bxe7 Qxe7 20. Qe3 Rfc8 21. Nce2 R4c7 22. b3 Nc6 23. Nxc6 Rxc6 24. Rd2 R6c7 25. Kb2 Qf6+ 26. Kb1 Qe7 27.
Rhd1 d5 28. exd5 Bxd5 29. Nf4 Bb7 30. g5 g6 31. Nd3 Qxa3 32. Ne5 Bd5 33. Ng4 Qc5 34. Nf6+ Kh8 35. Qe5 Qc3 36. Qxc3 Rxc3 37.
f4 Rf3 38. Rd4 Rf2 39. c4 bxc4 40.
bxc4 Rb8+ 41. Ka1 Rf3 42. R1d3 Rxd3 43. Rxd3 Bxc4 44. Rd7 Kg7 45. Ng4 e5 46. Nxe5 Be6 47. Rd4 a5 48. Nc6 Rb5 49. Ra4 Rc5 50.
Nxa5 h6 51. Kb2 hxg5 52. hxg5 Bd7 53. Ra3 Rb5+ 54. Kc3 Rf5 55. Nc4 Rxf4 56. Ra5 Be6 57. Nd6 Kf8 58. Kd3 Ke7 59. Ke3 Rf1 60. Ne4 Re1+ 61. Kf4 Rf1+ 62.
Ke3 Rg1 63. Ra7+ Kf8 64. Nf6 Kg7 65. Kf4 Rf1+ 66. Kg3 Rf5 67. Kh4 Rf4+ 68. Kg3 Rxf6 69. gxf6+ Kxf6 70. Ra5 g5 71. Rb5 Kg6 72. Rb6 Kh5 73. Ra6 Bc4 74. Rf6 Be6 75. Kg2 Kg4 76. Kh2 Kh5 77. Kg3 Bd5 78. Kh3 g4+ 79.
Kg3 Kg5 80. Ra6 f5 81. Ra5 1/2-1/2